 Dungeon Crawl Stone Soup version 0.31.0-1-g2c135a0 (webtiles) character file.

Game seed: 18322629435131685893

44 jagoly the Trooper (level 3, 0/24 HPs)
             Began as a Gargoyle Monk on Feb 3, 2024.
             Slain by an orc
             ... wielding a +0 whip
              (2 damage)
             ... on level 4 of the Dungeon.
             The game lasted 00:03:19 (406 turns).

jagoly the Trooper (Gargoyle Monk)                   Turns: 406, Time: 00:03:20

Health: 0/24       AC: 12    Str: 16    XL:     3   Next: 62%
Magic:  3/3        EV:  8    Int: 10    God:
Gold:   25         SH:  0    Dex: 12    Spells: 2/2 levels left

rFire   . . .        a - +0 lajatang
rCold   . . .        (shield currently unavailable)
rNeg    + . .        h - +0 chain mail
rPois   ∞            (no helmet)
rElec   +            (no cloak)
rCorr   .            (no gloves)
SInv    .            l - +0 pair of boots
Will    .....        (no amulet) Stlth
                     (no ring)
HPRegen 0.24/turn    (no ring)
MPRegen 0.08/turn

%: no passive effects
@: no status effects
A: sickness immunity, AC +3, negative energy resistance 1, electricity
resistance, torment resistance 1, petrification resistance
a: no special abilities


You were on level 4 of the Dungeon.
You visited 1 branch of the dungeon, and saw 4 of its levels.

You collected 25 gold pieces.

Inventory:

Hand Weapons
 a - a +0 lajatang (weapon)
 k - a +0 mace
Missiles
 e - 6 stones (quivered)
Armour
 b - a +0 robe
 d - an orb of light
 h - a +0 chain mail (worn)
 l - a +0 pair of boots (worn)
Scrolls
 i - a scroll of noise {unknown}
Potions
 c - a potion of ambrosia
 f - a potion of magic {unknown}
 g - 2 potions of lignification {unknown}
 j - a potion of curing {unknown}
 m - a potion of might {unknown}


   Skills:
 + Level 3.7 Fighting
 * Level 3.6 Maces & Flails
 + Level 1.2 Armour
 + Level 2.7 Dodging


You had 2 spell levels left.
You didn't know any spells.
Your spell library contained the following spells:

 Spells                   Type           Power      Damage    Failure   Level
 Slow                     Hex            0%         N/A       99%         1
 Confusing Touch          Hex            0%         N/A       100%        3
 Sigil of Binding         Hex            0%         N/A       100%        3
 Vampiric Draining        Necr           0%         2d6       100%        3


Dungeon Overview and Level Annotations

Branches:
Dungeon (4/15) Zot: 23571
 Temple: D:4-7

Altars:

Portals:
Sewer: D:4


Innate Abilities, Weirdness & Mutations

You are immune to sickness and miasma.
Your stone body is resilient. (AC +3)
You are immune to poison.
You resist negative energy. (rN+)
You are resistant to electric shocks. (rElec)
You are resistant to unholy torment.
You are immune to petrification.


Message History

The quokka bites you but does no damage.
The rat bites you but does no damage. The quokka barely misses you.
You barely miss the quokka.
The quokka is almost dead.
The rat barely misses you. The quokka bites you. The quokka barely misses you.
You hit the quokka but do no damage.
The quokka is almost dead.
The quokka closely misses you.
You hit the quokka.
The quokka is almost dead.
The quokka misses you. The quokka barely misses you.
You hit the quokka but do no damage.
The quokka is almost dead.
The quokka bites you.
You hit the quokka.
You kill the quokka!
You hit the dart slug.
The dart slug is moderately wounded.
The dart slug closely misses you.
You hit the dart slug but do no damage.
The dart slug is moderately wounded.
The dart slug closely misses you.
You hit the dart slug.
The dart slug is severely wounded.
The dart slug barely misses you.
You hit the dart slug.
The dart slug is severely wounded.
You hit the dart slug.
You kill the dart slug!
You hit the rat but do no damage. The rat bites you.
* * * LOW HITPOINT WARNING * * *
You are too injured to fight recklessly!
You are too injured to fight recklessly!
You hit the rat.
You kill the rat!
The dart slug closely misses you.
You see here a rat corpse.
You hit the dart slug but do no damage. The dart slug launches a dart at you.
The slug dart hits you.
* * * LOW HITPOINT WARNING * * *
You sock the dart slug!
The dart slug is severely wounded.
The dart slug barely misses you.
You hit the dart slug.
You kill the dart slug!
You have reached level 2!
Found a stone staircase leading down.
A rat comes into view.
The rat squeaks loudly.
The rat moves out of view.
A jackal and a kobold come into view.
The kobold shouts!
You hear a bark!
A quokka comes into view.
The kobold throws a stone.
The stone hits you but does no damage.
A jackal comes into view.
The jackal barks!
The rat barely misses you.
You hit the rat.
You kill the rat!
The kobold throws a stone.
The stone hits you but does no damage. The jackal misses you.
The quokka bites you.
The jackal bites you but does no damage.
You barely miss the quokka. The jackal bites you. The jackal barely misses you.
The quokka bites you.
* * * LOW HITPOINT WARNING * * *
The jackal closely misses you.
You are too injured to fight recklessly!
The kobold hits you but does no damage. The jackal barely misses you.
The quokka barely misses you. The jackal bites you.
* * * LOW HITPOINT WARNING * * *
You are too injured to fight recklessly!
Hit: a) +0 mace
Press: ? - help, Dir - move target, f - jackal
Aim: a jackal (haloed, about 29% to evade your +0 mace)
You barely miss the jackal. The jackal barely misses you.
The jackal barely misses you.
Hit: a) +0 mace
Press: ? - help, Dir - move target, f/p - jackal
Aim: a jackal (haloed, about 29% to evade your +0 mace)
You closely miss the jackal.
The jackal bites you but does no damage.
Hit: a) +0 mace
Press: ? - help, Dir - move target, f/p - jackal
Aim: a jackal (haloed, about 29% to evade your +0 mace)
You hit the jackal.
The jackal is moderately wounded.
The jackal closely misses you.
Hit: a) +0 mace
Press: ? - help, Dir - move target, f/p - jackal
Aim: a jackal (haloed, about 29% to evade your +0 mace)
You hit the jackal.
The jackal is severely wounded.
The jackal bites you but does no damage.
The jackal bites you.
* * * LOW HITPOINT WARNING * * *
The jackal closely misses you. x2
The quokka twitches its whiskers.
Hit: a) +0 mace
Press: ? - help, Dir - move target, f/p - jackal
Aim: a jackal (severely wounded, haloed, about 29% to evade your +0 mace)
You hit the jackal but do no damage.
The jackal is severely wounded.
The jackal bites you.
* * * LOW HITPOINT WARNING * * *
The jackal bites you but does no damage.
The jackal closely misses you. x2
Hit: a) +0 mace
Press: ? - help, Dir - move target, f/p - jackal
Aim: a jackal (severely wounded, haloed, about 29% to evade your +0 mace)
You sock the jackal!
You kill the jackal!
The jackal bites you.
* * * LOW HITPOINT WARNING * * *
The jackal barely misses you.
Hit: a) +0 mace
Press: ? - help, Dir - move target, f - jackal
Aim: a jackal (haloed, about 29% to evade your +0 mace)
You hit the jackal but do no damage. The jackal barely misses you.
Hit: a) +0 mace
Press: ? - help, Dir - move target, f/p - jackal
Aim: a jackal (haloed, about 29% to evade your +0 mace)
You sock the jackal!
You kill the jackal!
The quokka misses you.
Hit: a) +0 mace
Press: ? - help, Dir - move target, f - quokka
Aim: a quokka (haloed, about 32% to evade your +0 mace)
You barely miss the quokka. The quokka bites you.
* * * LOW HITPOINT WARNING * * *
Hit: a) +0 mace
Press: ? - help, Dir - move target, f/p - quokka
Aim: a quokka (haloed, about 32% to evade your +0 mace)
You sock the quokka!
You kill the quokka!
The kobold throws a stone.
The stone closely misses you.
Hit: a) +0 mace
Press: ? - help, Dir - move target, f - kobold
Aim: a kobold, wielding a +0 dagger and quivering stones (haloed, about 29% to evade your +0 mace)
You hit the kobold but do no damage. The kobold misses you.
Hit: a) +0 mace
Press: ? - help, Dir - move target, f/p - kobold
Aim: a kobold, wielding a +0 dagger and quivering stones (haloed, about 29% to evade your +0 mace)
You hit the kobold.
You kill the kobold!
Things that are here:
a +0 dagger; 4 stones; a quokka corpse
e - 4 stones
There is a stone staircase leading down here.
You climb downwards.
The ball python hisses angrily.
The goblin shouts!
Found a triangular brass amulet.
There is a stone staircase leading up here.
Hit: a) +0 mace
Press: ? - help, Dir - move target, f - ball python
Aim: a ball python (haloed, about 25% to evade your +0 mace)
You hit the ball python but do no damage.
The ball python bites you.
* * * LOW HITPOINT WARNING * * *
The ball python barely misses you.
Hit: a) +0 mace
Press: ? - help, Dir - move target, f/p - ball python
Aim: a ball python (haloed, about 25% to evade your +0 mace)
You hit the ball python.
You kill the ball python!
You climb upwards.
There is a stone staircase leading down here.
A bat comes into view.
The bat enters a dispersal trap!
You blink.
A bat is nearby!
The bat barely misses you.
Hit: a) +0 mace
Press: ? - help, Dir - move target, f - bat
Aim: a bat (haloed, about 36% to evade your +0 mace)
You hit the bat.
You kill the bat!
You enter a dispersal trap!
You blink.
A bat comes into view.
Found a spear.
Found an escape hatch in the floor.
The bat hits you but does no damage.
Hit: a) +0 mace
Press: ? - help, Dir - move target, f - bat
Aim: a bat (haloed, about 36% to evade your +0 mace)
You hit the bat.
You kill the bat!
An endoplasm comes into view.
Found a whip.
The endoplasm quivers.
The endoplasm moves out of view.
You see here a +0 whip.
An endoplasm is nearby!
Hit: a) +0 mace
Press: ? - help, Dir - move target, f - endoplasm
Aim: an endoplasm (haloed, about 3% to evade your +0 mace)
You sock the endoplasm!
You kill the endoplasm!
An endoplasm comes into view.
Found a fuming emerald potion.
The endoplasm quivers.
An endoplasm is nearby!
Hit: a) +0 mace
Press: ? - help, Dir - move target, f - endoplasm
Aim: an endoplasm (haloed, about 3% to evade your +0 mace)
You hit the endoplasm but do no damage. The endoplasm freezes you.
You are frozen.
Hit: a) +0 mace
Press: ? - help, Dir - move target, f/p - endoplasm
Aim: an endoplasm (haloed, about 3% to evade your +0 mace)
You hit the endoplasm.
The endoplasm is heavily wounded.
The endoplasm closely misses you.
Hit: a) +0 mace
Press: ? - help, Dir - move target, f/p - endoplasm
Aim: an endoplasm (heavily wounded, haloed, about 3% to evade your +0 mace)
You hit the endoplasm.
You kill the endoplasm!
f - a fuming emerald potion
Found 11 gold pieces.
Found 2 fuming dark potions.
You now have 11 gold pieces.
g - 2 fuming dark potions
Found a chain mail.
A rat comes into view.
The rat squeaks loudly.
You see here a +0 chain mail.
Okay, then.
Okay, then.
You barely miss the rat. The rat barely misses you.
You hit the rat but do no damage. The rat barely misses you. The rat bites you.
You hit the rat but do no damage. The rat closely misses you.
You hit the rat.
You kill the rat!
No target in view!
You see here a +0 chain mail.
HP restored.
You start removing your armour.
You continue taking off your +0 robe. x4
You finish taking off your +0 robe.
You start putting on your armour.
You continue putting on your +0 chain mail. x5
You finish putting on your +0 chain mail.
You see here a rat corpse.
A dart slug comes into view.
Found a scroll labelled WULUTITEXU.
A dart slug is nearby!
The dart slug launches a dart at you.
The slug dart hits you but does no damage.
You hit the dart slug.
The dart slug is moderately wounded.
The dart slug bites you but does no damage.
You hit the dart slug.
The dart slug is heavily wounded.
The dart slug bites you but does no damage.
You sock the dart slug!
You kill the dart slug!
Your Armour skill increases to level 1!
You have reached level 3!
Your experience leads to an increase in your attributes!
Increase (S)trength, (I)ntelligence, or (D)exterity?
You feel stronger. x2
i - a scroll labelled WULUTITEXU A goblin comes into view.
It is wielding a +0 club.
Found 14 gold pieces.
A goblin is nearby!
You thump the goblin!
You kill the goblin!
No target in view!
You see here a +0 club.
You now have 25 gold pieces (gained 14).
A kobold comes into view. It is wielding a +0 club.
The kobold shouts!
A kobold is nearby!
The kobold hits you but does no damage.
You hit the kobold.
The kobold is moderately wounded.
The kobold closely misses you.
You hit the kobold.
The kobold is severely wounded.
The kobold closely misses you.
You completely miss the kobold.
The kobold is severely wounded.
The kobold hits you but does no damage. The kobold closely misses you.
You hit the kobold.
You kill the kobold!
No target in view!
e - 6 stones (gained 2)
Things that are here:
a +0 club; a kobold corpse A hobgoblin comes into view.
The hobgoblin shouts!
The hobgoblin barely misses you.
You sock the hobgoblin!
You kill the hobgoblin!
No target in view!
A giant cockroach comes into view.
A giant cockroach is nearby!
A hobgoblin comes into view.
Found a mace.
You hit the giant cockroach.
The giant cockroach is heavily wounded.
The giant cockroach bites you.
You barely miss the giant cockroach.
The giant cockroach is heavily wounded.
The hobgoblin hits you but does no damage.
The giant cockroach bites you. The hobgoblin closely misses you.
The giant cockroach bites you but does no damage.
You hit the giant cockroach but do no damage.
The giant cockroach is heavily wounded.
The giant cockroach closely misses you.
The hobgoblin hits you but does no damage.
You sock the giant cockroach!
You kill the giant cockroach!
The hobgoblin hits you.
You hit the hobgoblin but do no damage. The hobgoblin hits you.
You sock the hobgoblin!
You kill the hobgoblin!
No target in view!
No target in view!
An endoplasm comes into view.
Found a ring mail.
You hit the endoplasm.
The endoplasm is lightly wounded.
The endoplasm freezes you.
You are frozen.
You sock the endoplasm!
You kill the endoplasm!
No target in view!
Found two stone staircases leading down.
Found a mace.
There is a stone staircase leading down here.
You climb downwards.
Found a dagger.
Found a stone staircase leading down.
There is a stone staircase leading up here.
You climb upwards.
There is a stone staircase leading down here.
There is a stone staircase leading down here.
You climb downwards.
The frilled lizard hisses angrily.
Found a glowing blue potion.
There is a stone staircase leading up here.
The frilled lizard bites you.
You hit the frilled lizard.
You kill the frilled lizard!
No target in view!
There is a stone staircase leading down here.
j - a glowing blue potion A ball python comes into view.
The ball python hisses angrily.
The ball python bites you but does no damage.
The ball python grabs you. The ball python constricts you.
There is a stone staircase leading down here.
You hit the ball python.
You kill the ball python!
You climb downwards.
The goblin shouts!
There is a stone staircase leading up here.
Found a book of Debilitation.
You hit the goblin.
You kill the goblin!
Things that are here:
a +0 club; a goblin corpse
Found a stone staircase leading down.
You pick up a book of Debilitation and begin reading...
You add the spells Slow, Sigil of Binding, Vampiric Draining and Confusing Touch to your library.
HP restored.
Found a lajatang.
There is a stone staircase leading down here.
You see here a +0 lajatang.
k - a +0 lajatang
There is a stone staircase leading down here.
You start removing your armour.
You continue taking off your orb of light. x4
You finish taking off your orb of light.
Okay, then.
Adjust (i)tems, (s)pells, or (a)bilities?
k - a +0 lajatang Adjust to which letter? (? for menu, Esc to quit)
a - a +0 lajatang;
k - a +0 mace (weapon)
a - a +0 lajatang (weapon)
You climb downwards.
You hear the sound of rushing water.
There is an entrance to a sewer on this level.
Hurry and find it before the portal rusts away!
The ball python hisses angrily.
Found a pair of boots.
There is a stone staircase leading up here.
Found a bubbling brown potion.
You slash the ball python!
You kill the ball python!
You see here a +0 pair of boots.
You start putting on your armour.
You continue putting on your +0 pair of boots. x4
You finish putting on your +0 pair of boots.
A quokka and 2 giant cockroaches come into view.
The quokka moves out of view.
You see here a bubbling brown potion.
m - a bubbling brown potion The quokka bites you.
You slash the quokka!
You kill the quokka!
A ball python comes into view.
The ball python hisses angrily.
The giant cockroach barely misses you.
The giant cockroach bites you but does no damage. x3
You see here a quokka corpse.
You closely miss the giant cockroach. The giant cockroach bites you.
The giant cockroach barely misses you.
You hit the giant cockroach but do no damage.
The giant cockroach misses you. The giant cockroach bites you.
The giant cockroach bites you but does no damage. x2
You slash the giant cockroach!
You kill the giant cockroach!
The giant cockroach bites you but does no damage.
You barely miss the ball python. The giant cockroach barely misses you.
The ball python bites you. The ball python grabs you.
The ball python constricts you. The giant cockroach barely misses you.
The ball python bites you but does no damage.
The ball python constricts you.
You slash the ball python!
You kill the ball python!
The giant cockroach bites you.
You barely miss the giant cockroach.
The giant cockroach bites you but does no damage. x2
You closely miss the giant cockroach. The giant cockroach closely misses you.
You barely miss the giant cockroach.
The giant cockroach bites you but does no damage.
The giant cockroach closely misses you.
You slash the giant cockroach!
You kill the giant cockroach!
No target in view!
No target in view!
You open the door.
A jelly and an orc come into view.
The jelly quivers.
There is an open door here.
An orc comes into view. It is wielding a +0 club.
The orc shouts!
An orc priest comes into view. It is wielding a +0 war axe.
There is an open door here.
A quokka comes into view.
Found a glowing drain.
A quokka comes into view.
You closely miss the orc.
You hear the slow rusting of a drain.
The orc closely misses you.
You closely miss the quokka. The orc barely misses you.
The quokka splashes around in the water.
You barely miss the quokka. The quokka bites you. The orc barely misses you.
The quokka splashes around in the water.
The orc barely misses you.
You closely miss the quokka. The quokka closely misses you.
The quokka barely misses you. The jelly barely misses you.
An orc priest comes into view. It is wielding a +0 hand axe.
The orc hits you but does no damage. The quokka barely misses you.
You barely miss the quokka.
The quokka bites you but does no damage.
The jelly hits you but does no damage.
The orc priest looks braver for a moment.
The orc barely misses you. The quokka closely misses you.
The quokka barely misses you.
Sorry, you're not good enough to have a special ability.
You closely miss the quokka. The jelly barely misses you.
The quokka bites you but does no damage.
The orc hits you but does no damage.
The quokka splashes around in the water.
The jelly completely misses you.
The quokka splashes around in the water.
You closely miss the quokka.
The quokka splashes around in the water.
The orc barely misses you.
The quokka bites you but does no damage.
The jelly closely misses you.
The quokka bites you but does no damage.
You slice the quokka!!
You kill the quokka!
The quokka bites you but does no damage.
The jelly hits you.
You are splashed with acid!
* * * LOW HITPOINT WARNING * * *
An orc wizard comes into view. It is wielding a +0 dagger.
The orc barely misses you.
The quokka splashes around in the water.
The orc wizard shouts!
You slash the quokka!
You kill the quokka!
The jelly barely misses you.
The orc wizard gestures wildly while chanting.
The orc wizard flickers and vanishes!
Deactivating autopickup; reactivate with Ctrl-A.
The orc priest calls down the wrath of Beogh upon you.
Beogh smites you!
* * * LOW HITPOINT WARNING * * *
The orc hits you but does no damage. The jelly barely misses you.
You hit the orc but do no damage. The orc closely misses you.
The orc barely misses you. The jelly closely misses you.
You hit the jelly.
Your hands burn!
* * * LOW HITPOINT WARNING * * *
The jelly is lightly wounded.
The orc hits you but does no damage. The orc hits you with a +0 whip.
You die...

... +............
#.. ###'###....#
##..##...###....#
#...............#
#.....†.........#
#.....††........#
##......{##....<#
#......o##..†..##
......#oJ@#......#
.......#~o~#......#
.......#~~~#......#
###....#~~~#.....##
### #~~~##.####
#~∩~##.# #~~~##.#
#~~~##.# #.#


You could see a jelly, an orc priest and 2 orcs.

Vanquished Creatures
  3 dart slugs (D:1)
  3 endoplasms (D:1)
  3 giant cockroaches
  2 goblins
  3 hobgoblins (D:1)
  2 jackals (D:1)
  5 quokkas
  4 ball pythons
  2 bats (D:1)
  A frilled lizard (D:2)
  2 kobolds (D:1)
  3 rats (D:1)
33 creatures vanquished.

Notes
Turn   | Place    | Note
-------+----------+-------------------------------------------
     0 | D:1      | jagoly the Gargoyle Monk began the quest for the Orb.
     0 | D:1      | Reached XP level 1. HP: 14/14 MP: 1/1
    42 | D:1      | Reached XP level 2. HP: 5/19 MP: 2/2
   219 | D:1      | Reached skill level 1 in Armour
   219 | D:1      | Reached XP level 3. HP: 23/23 MP: 3/3
   392 | D:4      | Found a glowing drain.
   406 | D:4      | Slain by an orc

Illustrated notes

Levels and vault maps discovered:
D:1:      amcnicky_arrival_double_pillar, layout_loops_cross
D:2:      layout_basic, dreamdust_ecumenical_altar_statues
D:3:      layout_loops_ring, minmay_misc_feat_plants, minmay_increasing_density,
          uniq_robin
D:4:      layout_gridville, grunt_gozag_statues,
          mainiacjoe_overflow_six_doors_small, nicolae_overflow_crystal_walls,
          minmay_temple_entry_gardened_gates, portal_sewer_entry_f

Skill      XL: |  1  2 |
---------------+-------+-----
Armour         | 1 |  1.2
Fighting       | |  3.7
Maces & Flails | |  3.6
Dodging        | |  2.7

Action                     || total
---------------------------++-------
  Melee: Mace              ||    67
         Lajatang          ||    22
 Armour: Robe              ||    28
         Chain mail        ||    42
  Dodge: Dodged            ||    74
